 Dungeon Crawl Stone Soup version 0.29-a0-187-ga23d9638d5 (webtiles) character file.

Game seed: 14829308118120702606

77522 Zeldest the Prestidigitator (level 15, -14/138 HPs)
             Began as a Deep Dwarf Fighter on Feb 21, 2022.
             Was a High Priest of Makhleb.
             Killed from afar by a molten gargoyle (30 damage)
             ... with a bolt of magma
             ... on level 6 of the Lair of Beasts.
             The game lasted 00:40:28 (14285 turns).

Zeldest the Prestidigitator (Deep Dwarf Fighter)   Turns: 14285, Time: 00:40:29

Health: -14/138    AC: 23    Str: 32    XL:     15   Next: 15%
Magic:  0/0        EV:  6    Int: 12    God:    Makhleb [*****.]
Gold:   1327       SH: 18    Dex: 16    Spells: 18/18 levels left

rFire   . . .      SeeInvis .   L - +2 broad axe
rCold   + + .      Faith    .   O - +0 tower shield {rC+}
rNeg    + . .      Spirit   .   i - +0 chain mail
rPois   .          Reflect  .   E - +2 helmet
rElec   .          Harm     .   u - +0 cloak
rCorr   .          Rampage  .   H - +2 pair of gloves
Will    +++..                   v - +1 pair of boots
Stlth   ..........              h - amulet of Gluttony {RegenMP Fragile Str+6 Stlth+}
HPRegen 0.00/turn               c - ring of Nufra {Will+ Int+2 Dex+4}
MPRegen 0.47/turn               k - ring of protection from cold

@: mighty, lethally poisoned (-14 -> -14), hasted, very quick
A: damage resistance, heal wounds, negative energy resistance 1, sense
surroundings 2, no regeneration
a: Heal Wounds, Renounce Religion, Minor Destruction, Lesser Servant of Makhleb,
Major Destruction, Greater Servant of Makhleb


You were on level 6 of the Lair of Beasts.
You worshipped Makhleb.
Makhleb was extremely pleased with you.
You visited 3 branches of the dungeon, and saw 20 of its levels.
You also visited: Ice Cave.

You collected 1327 gold pieces.

Inventory:

Hand Weapons
 a - a +1 war axe
 L - a +2 broad axe (weapon)
Armour
 i - a +0 chain mail (worn)
 q - +0 ice dragon scales
 u - a +0 cloak (worn)
 v - a +1 pair of boots (worn)
 E - a +2 helmet (worn)
 H - a +2 pair of gloves (worn)
 O - a +0 tower shield of cold resistance (worn)
Jewellery
 b - the amulet of Midwinter {rPois Regen+ Dex+6}
   (You found it on level 11 of the Dungeon)

   [amulet of regeneration]

   Dex:       It affects your dexterity (+6).
   rPois:     It protects you from poison.
   Regen:     It increases your rate of health regeneration.
 c - the ring of Nufra (left hand) {Will+ Int+2 Dex+4}
   (You found it in an ice cave)

   [ring of willpower]

   Int:       It affects your intelligence (+2).
   Dex:       It affects your dexterity (+4).
   Will:      It increases your willpower.
 d - a ring of resist corrosion
 g - an amulet of magic regeneration
 h - the amulet of Gluttony (around neck) {RegenMP Fragile Str+6 Stlth+}
   (You found it in an ice cave)

   [amulet of magic regeneration]

   It increases your rate of magic regeneration.
   Str:       It affects your strength (+6).
   Fragile:   It will be destroyed if unequipped.
   Stlth:     It makes you more stealthy.
 k - a ring of protection from cold (right hand)
 p - a +6 ring of strength
 r - a +6 ring of intelligence
 B - a ring of poison resistance
 K - an amulet of the acrobat
Wands
 x - a wand of digging (6)
Scrolls
 e - 2 scrolls of fog
 l - 7 scrolls of teleportation
 m - a scroll of noise
 o - 3 scrolls of immolation
 w - a scroll of fear
 y - 3 scrolls of enchant armour
 z - 6 scrolls of identify
 F - 2 scrolls of torment
 G - 5 scrolls of magic mapping
 I - 4 scrolls of blinking
Potions
 f - 3 potions of mutation
 j - 2 potions of brilliance
 s - 3 potions of cancellation
 t - 6 potions of attraction
 A - a potion of haste
 C - 4 potions of flight
 D - 5 potions of magic
Miscellaneous
 J - a condenser vane (inert)


   Skills:
 + Level 10.2 Fighting
 + Level 11.9 Axes
 - Level 11.6 Armour
 + Level 12.2 Shields
 + Level 2.3 Spellcasting
 + Level 14.8 Invocations
 + Level 14.9 Evocations


You had 18 spell levels left.
You didn't know any spells.
Your spell library contained the following spells:

 Spells                   Type           Power      Damage    Failure   Level
 Animate Skeleton         Necr           2%         N/A       99%         1
 Apportation              Tloc           2%         N/A       99%         1
 Magic Dart               Conj           4%         1d3       99%         1
 Pain                     Necr           4%         1d4       99%         1
 Sting                    Tmut/Pois      4%         1d3       99%         1
 Summon Small Mammal      Summ           4%         N/A       99%         1
 Blink                    Tloc           2%         N/A       100%        2
 Call Imp                 Summ           1%         N/A       100%        2
 Ensorcelled Hibernation  Hex/Ice        2%         N/A       100%        2
 Poisonous Vapours        Pois/Air       2%         N/A       100%        2
 Call Canine Familiar     Summ           1%         N/A       100%        3
 Conjure Flame            Conj/Fire      1%         6-21      100%        3
 Gell's Gravitas          Tloc           1%         N/A       100%        3
 Ignite Poison            Fire/Tmut/Pois 1%         N/A       100%        3
 Mephitic Cloud           Conj/Pois/Air  1%         N/A       100%        3
 Portal Projectile        Hex/Tloc       2%         N/A       100%        3
 Spider Form              Tmut/Pois      1%         N/A       100%        3
 Summon Guardian Golem    Hex/Summ       1%         N/A       100%        3
 Teleport Other           Tloc           1%         N/A       100%        3
 Vampiric Draining        Necr           1%         2d6       100%        3
 Anguish                  Hex/Necr       0%         N/A       100%        4
 Leda's Liquefaction      Hex/Erth       0%         N/A       100%        4
 Olgreb's Toxic Radiance  Pois           1%         N/A       100%        4
 Petrify                  Tmut/Erth      1%         N/A       100%        4
 Sticky Flame             Conj/Fire      1%         2d3       100%        4
 Agony                    Necr           1%         N/A       100%        5
 Excruciating Wounds      Necr           0%         N/A       100%        5
 Fireball                 Conj/Fire      0%         3d3       100%        5
 Iskenderun's Battlesphe  Conj           1%         2d6       100%        5
 Manifold Assault         Tloc           1%         N/A       100%        5
 Metabolic Englaciation   Hex/Ice        0%         N/A       100%        5
 Conjure Ball Lightning   Conj/Air       0%         3x3d6     100%        6
 Dispersal                Tloc           0%         N/A       100%        6
 Statue Form              Tmut/Erth      0%         N/A       100%        6
 Orb of Destruction       Conj           0%         9d5       100%        7
 Storm Form               Tmut/Air       0%         N/A       100%        7


Dungeon Overview and Level Annotations

Branches:
Dungeon (13/15)            Temple (1/1) D:5            Lair (6/6) D:11
 Shoals (0/4) Lair:3        Snake (0/4) Lair:2        Slime (0/5) Lair:6
    Orc (0/2) D:10          IceCv (visited)
 Vaults: D:13-14

Altars:
Ashenzari
Cheibriados
Dithmenos
Kikubaaqudgha
Makhleb
Nemelex Xobeh
Ru
Sif Muna
Trog
Uskayaw
Xom
Yredelemnul
Zin
The Shining One

Shops:
D:13 (

Annotations:
D:11 exclusion: 2 oklob plants
Lair:4 3 runed translucent doors, Cessyug's ghost, journeyman DrIE


Innate Abilities, Weirdness & Mutations

You are resistant to damage.
You can heal yourself by infusing magical energy.
You resist negative energy. (rN+)
You passively map the area around you.
You do not regenerate.


Message History

The ball of steam hits the molten gargoyle.
The molten gargoyle completely resists.
The ball of steam hits you but does no damage.
You hear a bark!
You closely miss the black mamba.
You are engulfed in a cloud of scalding steam.
You block the black mamba's attack. The lava snake spits lava at you.
You block the glob of lava.
The komodo dragon is engulfed in poison gas.
The komodo dragon is poisoned.
You slash the black mamba!
The black mamba is moderately wounded.
You slash the molten gargoyle!
You are engulfed in a cloud of scalding steam.
The black mamba bites you.
You are poisoned.
The black mamba poisons you!
The steam dragon is engulfed in poison gas.
The steam dragon looks even sicker.
You block the black mamba's attack.
The molten gargoyle hits you with a +0 mace.
* * * LOW HITPOINT WARNING * * *
You are engulfed in flames!
* * * LOW HITPOINT WARNING * * *
The komodo dragon is engulfed in poison gas.
The komodo dragon looks even sicker.
You slash the molten gargoyle!
The molten gargoyle is severely damaged.
You closely miss the black mamba.
You feel sick. You block the black mamba's attack.
The steam dragon is engulfed in poison gas.
The steam dragon looks even sicker.
The komodo dragon is engulfed in poison gas.
The komodo dragon looks even sicker.
The lava snake spits lava at you. The glob of lava hits you!
* * * LOW HITPOINT WARNING * * *
The molten gargoyle blasts magma at you!
The bolt of magma hits you!!
You die...

....##* , ≈ ≈* ....# ,, ....
.#≈ ≈*#.. * ##.# ....#,
,....##≈ #.. ≈≈#... ...## *
....... §#., , .#≈#.... ....###
*#...... #§# ,#≈..... ......#
##.§§§§,#≈#, , #.≈.... ......##
#..§§§l##S## ##§§#... .......#
#.§§D9S≈≈§######§§§#...
.......##*
#8.##@.≈§≈≈≈≈≈§§§#....
........#*
*#.§§§.##≈≈≈§§§§......
........# #≈§§#.#..≈§≈≈........
.......##
#≈§≈§##..§§........... .......#
≈≈≈#≈≈≈≈§.........≈≈≈≈#
......##
#≈≈#####≈≈≈§.....≈≈≈≈###
......# §≈# ##≈≈≈§≈..≈≈≈###
......##*## #### ##8#§§≈≈§≈≈§#*
.......######..#######8#.###≈≈#
#


You could see a komodo dragon (very poisoned), a black mamba, a molten gargoyle,
a steam dragon (very poisoned) and a lava snake.

Vanquished Creatures
  An azure jelly (IceCv)
  A quicksilver ooze (IceCv)
  2 hydras (Lair:6)
  An ice dragon (Lair:5)
  Josephine (Lair:4)
  Erolcha (D:11)
  2 boulder beetles
  A catoblepas (Lair:4)
  A centaur warrior (D:13)
  2 two-headed ogres
  A steelbarb worm (D:8)
  5 lindwurms
  2 ice statues (IceCv)
  A molten gargoyle (Lair:6)
  12 elephants
  An orange demon (D:8)
  3 torpor snails
  3 black mambas
  7 cane toads
  4 rime drakes
  An unseen horror (D:13)
  4 komodo dragons
  2 entropy weaver simulacra (IceCv)
  2 kobold demonologists (D:11)
  3 polar bears
  2 trolls
  3 meliai (D:10)
  A hornet (Lair:2)
  Grinder (D:3)
  20 slime creatures
  15 dream sheep
  7 blink frogs
  7 wyverns
  34 yaks
  2 shadows
  A water elemental (D:12)
  4 basilisks
  4 wraiths (Lair:4)
  3 steam dragons
  2 wargs (D:10)
  A naga (Lair:2)
  9 water moccasins
  A demonic crawler simulacrum (IceCv)
  A black bear (D:7)
  2 ice beasts
  4 orc warriors
  4 ogres
  5 ugly thing simulacra (IceCv)
  A sky beast (D:5)
  A necrophage (D:6)
  2 wolves (Lair:5)
  7 centaurs
  3 kobold brigands (D:11)
  9 bullfrogs
  A glowing shapeshifter simulacrum (IceCv)
  A wyvern zombie (D:8)
  A gnoll sergeant (D:9)
  3 scorpions
  A water moccasin zombie (D:5)
  2 wyvern skeletons (D:7)
  2 water moccasin skeletons
  6 killer bees (D:9)
  5 wights (D:9)
  3 electric eels (D:7)
  A howler monkey (D:12)
  4 centaur zombies
  A lava snake (Lair:6)
  2 gnoll shamans
  8 orc priests
  2 centaur skeletons
  An iron imp (D:9)
  7 jellies
  3 bullfrog skeletons
  3 iguanas
  7 orc wizards
  Natasha (thrice) (D:4)
  4 hound skeletons
  17 gnolls
  6 adders
  A white imp (D:6)
  2 worms
  A dart slug (D:4)
  35 orcs
  5 ball pythons
  6 bats
  24 endoplasms
  3 giant cockroaches
  10 goblins
  9 hobgoblins
  3 jackals (D:1)
  4 quokkas
  A frilled lizard (D:3)
  11 kobolds
  3 rats
432 creatures vanquished.

Vanquished Creatures (collateral kills)
  6 hydras
  An ugly thing (D:13)
  5 elephants
  2 cane toads
  2 komodo dragons
  2 wyverns
  16 yaks
  3 nagas (Lair:2)
  2 water moccasins
  5 wolves (Lair:2)
  2 bullfrogs (Lair:4)
  2 jellies (Lair:6)
  2 endoplasms (Lair:6)
50 creatures vanquished.

Vanquished Creatures (others)
  A centaur warrior (D:13)
  A komodo dragon (Lair:6)
  An entropy weaver simulacrum (IceCv)
  A slime creature (IceCv)
  A glowing shapeshifter simulacrum (IceCv)
  A river rat (D:7)
  24 fungi
  28 plants
58 creatures vanquished.

Grand Total: 540 creatures vanquished

Notes
Turn   | Place    | Note
-------+----------+-------------------------------------------
     0 | D:1      | Zeldest the Deep Dwarf Fighter began the quest for the Orb.
     0 | D:1      | Reached XP level 1. HP: 20/20 MP: 1/1
    91 | D:1      | Reached XP level 2. HP: 27/27 MP: 2/2
   162 | D:1      | Found a faded altar of an unknown god.
   671 | D:2      | Reached skill level 1 in Evocations
   671 | D:2      | Reached XP level 3. HP: 34/34 MP: 3/3
   676 | D:2      | Reached skill level 1 in Invocations
   737 | D:2      | Found a shadowy altar of Dithmenos.
   789 | D:2      | Reached XP level 4. HP: 42/42 MP: 2/4
  1366 | D:3      | Reached XP level 5. HP: 26/49 MP: 5/5
  1551 | D:3      | Noticed a centaur
  1562 | D:3      | Killed a centaur
  1702 | D:3      | Reached XP level 6. HP: 56/56 MP: 5/5
  1771 | D:3      | Noticed Grinder
  1794 | D:3      | Killed Grinder
  2269 | D:4      | Noticed an ice beast
  2283 | D:4      | Killed an ice beast
  2284 | D:4      | Reached XP level 7. HP: 27/63 MP: 7/7
  2290 | D:4      | Noticed Natasha
  2294 | D:4      | Killed Natasha
  2300 | D:4      | Noticed Natasha
  2311 | D:4      | Killed Natasha
  2339 | D:4      | Noticed Natasha
  2348 | D:4      | Killed Natasha
  2392 | D:4      | Reached skill level 5 in Shields
  2934 | D:4      | Reached skill level 5 in Armour
  3096 | D:5      | Entered Level 5 of the Dungeon
  3182 | D:5      | Reached XP level 8. HP: 45/73 MP: 9/9
  3310 | D:5      | Found a staircase to the Ecumenical Temple.
  3323 | Temple   | Entered the Ecumenical Temple
  3359 | Temple   | Became a worshipper of Makhleb the Destroyer
  3544 | D:5      | Reached skill level 5 in Evocations
  3560 | D:5      | Reached skill level 5 in Invocations
  3593 | D:5      | Reached skill level 5 in Axes
  3619 | D:5      | Found an ancient bone altar of Kikubaaqudgha.
  4410 | D:6      | Reached skill level 5 in Fighting
  4742 | D:6      | Gained mutation: You passively map the area around you.
                  | [Deep Dwarf growth]
  4742 | D:6      | Reached XP level 9. HP: 63/81 MP: 10/10
  4928 | D:7      | Reached * piety under Makhleb
  4936 | D:7      | Found a shimmering altar of Xom.
  5270 | D:7      | Found a sparkling altar of Nemelex Xobeh.
  6057 | D:8      | Noticed an orange demon
  6057 | D:8      | Noticed Amaemon
  6064 | D:8      | Noticed Amaemon
  6064 | D:8      | Amaemon changed into Amaemon the steelbarb worm
  6207 | D:8      | Killed Amaemon the steelbarb worm
  6222 | D:8      | Killed an orange demon
  6222 | D:8      | Reached ** piety under Makhleb
  6223 | D:8      | Reached XP level 10. HP: 43/91 MP: 12/12
  6520 | D:9      | Found a sacrificial altar of Ru.
  6527 | D:9      | Found a glowing silver altar of Zin.
  6569 | D:9      | Found a snail-covered altar of Cheibriados.
  7182 | D:10     | Entered Level 10 of the Dungeon
  7333 | D:10     | Found a staircase to the Orcish Mines.
  7393 | D:10     | You fall into a shaft and drop 3 floors!
  7393 | D:13     | Noticed a green ugly thing
  7403 | D:13     | Killed a green ugly thing
  7410 | D:13     | Noticed a centaur warrior
  7422 | D:13     | Killed a centaur warrior
  7507 | D:13     | Noticed a seven-headed hydra
  7515 | D:13     | Found Beemiqu's Antique Weapon Shoppe.
  7535 | D:13     | Noticed a centaur warrior
  7546 | D:13     | Reached XP level 11. HP: 54/99 MP: 12/12
  7550 | D:13     | Killed a centaur warrior
  7727 | D:12     | Noticed a boulder beetle
  7736 | D:12     | Noticed a two-headed ogre
  7756 | D:12     | Killed a two-headed ogre
  7764 | D:12     | Reached *** piety under Makhleb
  7779 | D:12     | Killed a boulder beetle
  7862 | D:11     | Noticed a lindwurm
  7884 | D:11     | Found a staircase to the Lair.
  7884 | D:11     | Noticed an oklob plant
  7886 | D:11     | Noticed an oklob plant
  7928 | D:10     | Noticed a two-headed ogre
  7937 | D:9      | Killed a two-headed ogre
  8397 | D:11     | Noticed a boulder beetle
  8419 | D:10     | Reached skill level 10 in Evocations
  8441 | D:11     | Killed a boulder beetle
  8442 | D:11     | Reached skill level 10 in Invocations
  8613 | D:11     | Noticed a lindwurm
  8656 | D:11     | Noticed Erolcha
  8683 | D:11     | Killed Erolcha
  8713 | D:11     | Noticed a lindwurm
  8717 | D:11     | Noticed a lindwurm
  8808 | D:11     | Reached **** piety under Makhleb
  8809 | D:11     | Reached XP level 12. HP: 110/110 MP: 5/5
  8931 | D:11     | HP: 1/110 [lindwurm/blast of flame (32)]
  8961 | D:11     | Identified the amulet of Midwinter {rPois Regen+ Dex+6}
  8976 | D:11     | Identified the +1 rapier of Melee {vamp, rN++ Int-4}
  9266 | Lair:1   | Entered Level 1 of the Lair of Beasts
  9356 | Lair:1   | Noticed a seven-headed hydra
  9500 | Lair:2   | Noticed an eight-headed hydra
  9567 | Lair:2   | Reached skill level 10 in Shields
  9633 | Lair:2   | Paralysed by a hornet for 3 turns
  9712 | Lair:2   | Found a staircase to the Snake Pit.
  9725 | Lair:2   | Reached skill level 10 in Armour
  9731 | Lair:2   | Noticed a four-headed hydra
  9752 | Lair:2   | Killed a four-headed hydra
  9966 | Lair:2   | Reached skill level 10 in Axes
 10127 | Lair:2   | Killed an eight-headed hydra
 10479 | Lair:3   | Noticed a four-headed hydra
 10539 | Lair:2   | Reached XP level 13. HP: 112/120 MP: 0/2
 10620 | Lair:3   | Found a staircase to the Shoals.
 10628 | Lair:3   | Gained mutation: You resist negative energy. (rN+) [Deep
                  | Dwarf growth]
 10628 | Lair:3   | Reached XP level 14. HP: 109/129 MP: 2/2
 11530 | Lair:4   | Noticed Josephine
 11546 | Lair:4   | Killed Josephine
 11643 | Lair:4   | Identified the +9 dagger of Ysefe {vorpal, Str+4}
 11660 | Lair:4   | Found a runed translucent gate.
 11660 | Lair:4   | Found a runed translucent gate.
 11660 | Lair:4   | Found a runed translucent gate.
 11661 | Lair:4   | Noticed Cessyug's ghost (journeyman DrIE)
 11962 | Lair:6   | Entered Level 6 of the Lair of Beasts
 12339 | Lair:5   | Found a frozen archway.
 12393 | Lair:5   | HP: 2/129 [ice dragon/blast of cold (39)]
 12429 | IceCv    | Entered an ice cave
 12704 | IceCv    | Reached ***** piety under Makhleb
 12715 | IceCv    | Noticed a quicksilver ooze
 12718 | IceCv    | Noticed an azure jelly
 12725 | IceCv    | Killed a quicksilver ooze
 12745 | IceCv    | Killed an azure jelly
 12754 | IceCv    | Found a viscous altar of Jiyva.
 12767 | IceCv    | Identified the ring of Nufra {Will+ Int+2 Dex+4}
 12773 | IceCv    | Identified the amulet of Gluttony {RegenMP Fragile Str+6
                  | Stlth+}
 13052 | Lair:5   | Found a snail-covered altar of Cheibriados.
 13480 | Lair:6   | Reached skill level 10 in Fighting
 13480 | Lair:6   | Reached skill level 1 in Spellcasting
 13572 | Lair:6   | Reached XP level 15. HP: 38/138 MP: 1/1
 13713 | Lair:6   | Found a staircase to the Slime Pits.
 14055 | Lair:6   | Identified the +6 arbalest of the Leaping Fool {freeze,
                  | Int+6 Dex+2}
 14285 | Lair:6   | Killed from afar by a molten gargoyle

Illustrated notes

Levels and vault maps discovered:
D:1:      dpeg_arrival_solitude, layout_loops_ring,
          ebering_ecumenical_altar_rust, minmay_misc_feat_alley
D:2:      minmay_wonky_spiral, layout_rooms, basic_altar
D:3:      layout_loops_corners, hangedman_abyss_or_decor_lesser_grid,
          nicolae_concentric_dashed_squares_wild, minmay_liquid_box,
          uniq_grinder
D:4:      layout_basic, uniq_natasha
D:5:      layout_basic, old_standard_altar, minmay_temple_entry_proselytizer
D:6:      layout_gridville, columned_hall_lemuel
D:7:      layout_cave_pools, xom_teletrap_fun, lemuel_coloured_pillars_altar,
          chequers_big_river, dk_noncrumbling_4
D:8:      layout_basic, uniq_amaemon
D:9:      layout_cave_pods, mainiacjoe_overflow_brackets, slow_altar_1,
          mainiacjoe_overflow_alcove_4, solitary_fountain
D:10:     layout_cave_pools, david_orc_1_choice, enter_bailey_5,
          minmay_door_square, kennysheep_windowed_goal
D:11:     layout_loops_ring, dpeg_oklobed_lair, minmay_lindwurm_lava,
          uniq_erolcha
D:12:     nicolae_cairo_tiling_very_big, layout_basic
D:13:     layout_loops_ring, serial_shops, shop, feat_on_display
Temple:   nicolae_temple_elliptical
Lair:1:   layout_cave_pods, grunt_megastairs_2
Lair:2:   layout_regular_city, guppyfry_snake_entry_island
Lair:3:   layout_long_grid, shoals_dummy_entry, grunt_megastairs_3
Lair:4:   lemuel_slime, layout_misc_corridors, gammafunk_ghost_necromancy,
          uniq_josephine
Lair:5:   layout_regular_city, portal_ice_cave_entry_animals_and_master,
          kennysheep_snail_temple
Lair:6:   cheibrodos_lair_end_hotspot, layout_regular_city,
          nicolae_slime_entry_slimehenge

Skill      XL: |  1  2  3  4  5  6  7  8  9 10 11 12 13 14 15 |
---------------+----------------------------------------------+-----
Fighting       | 3 4 5 6 7 8 9 10 | 10.2
Evocations     | 1 2 3 4 6 7 9 10 13 14 | 14.9
Invocations    | 1 2 3 4 5 7 8 10 13 14 | 14.8
Axes           | 3 4 5 6 7 9 10 11 | 11.9
Shields        | 4 5 6 7 8 9 10 12 | 12.2
Armour         | 4 5 6 7 8 9 10 11 | 11.6
Spellcasting   | 1 2 |  2.3

Action                   |  1- 3 |  4- 6 |  7- 9 | 10-12 | 13-15 || total
-------------------------+-------+-------+-------+-------+-------++-------
Melee: War axe           |    88 |   138 |   388 |   690 |   593 ||  1897
       Broad axe         |       |       |       |       |    48 ||    48
Invok: Lesser Servant of |       |       |       |    12 |    13 ||    25
 Abil: Heal Wounds       |     3 |     4 |    20 |    59 |    22 ||   108
Evoke: Wand              |       |       |     9 |     5 |    13 ||    27
       Condenser vane    |       |       |       |     1 |     2 ||     3
  Use: Scroll            |       |       |     5 |    25 |     6 ||    36
       Potion            |       |       |     3 |    12 |    20 ||    35
 Stab: Invisible         |       |       |     2 |    11 |       ||    13
       Distracted        |       |       |       |     2 |     4 ||     6
Armor: Scale mail        |    32 |    11 |       |       |       ||    43
       Chain mail        |       |    77 |   272 |   703 |   201 ||  1253
       Skin              |       |       |       |    11 |    25 ||    36
       Ice dragon scales |       |       |       |       |   284 ||   284
       Plate armour      |       |       |       |       |    42 ||    42
Dodge: Dodged            |    46 |    67 |   147 |   402 |   242 ||   904
Block: Buckler           |    23 |    36 |   100 |   306 |   139 ||   604
       Tower shield      |       |       |       |       |   414 ||   414

Table legend: (Time is in decaauts)
 A = Elapsed time spent in this place.
 B = Non-inter-level travel time spent in this place.
 C = Inter-level travel time spent in this place.
 D = Time resting spent in this place.
 E = Time spent auto-exploring this place.
 F = Levels seen in this place.
 G = Mean time per level.
                   A        B        C        D        E       F      G
               +--------+--------+--------+--------+--------+-----+--------+
         Total |  14647 |  14114 |    533 |     30 |   8791 |  21 |  697.5 |
       Dungeon |   9486 |   9142 |    344 |     30 |   6282 |  13 |  729.7 |
        Temple |     59 |     36 |     23 |      0 |     28 |   1 |   59.0 |
          Lair |   4532 |   4366 |    166 |      0 |   2397 |   6 |  755.3 |
      Ice Cave |    569 |    569 |      0 |      0 |     83 |   1 |  569.0 |
               +--------+--------+--------+--------+--------+-----+--------+

Top non-repeatable levels by time:
  Lair:5: 1001 daAuts
     D:3: 962 daAuts
  Lair:3: 940 daAuts
  Lair:2: 930 daAuts
     D:6: 905 daAuts
     D:9: 900 daAuts
     D:4: 885 daAuts
     D:5: 876 daAuts
    D:11: 837 daAuts
  Lair:6: 765 daAuts
     D:8: 747 daAuts
    D:10: 729 daAuts
     D:7: 726 daAuts
     D:2: 716 daAuts
  Lair:4: 655 daAuts
